Oilers vs Penguins

Created - 5 mars 2022 at 17:00

Goals
1 2 3 OT1 T
Oilers 1 2 1 0 4
Penguins 0 2 2 1 5
Shots
1 2 3 OT1 T
Oilers 15 8 7 1 31
Penguins 5 8 19 1 33

GoalsPenalties
1st period
1. Oilers , Logan Couture 34 (Justin Faulk 21, John Tavares 35) at 12:50 (PP)
Craig Smith (PIT) for Cross-checking (Minor) at 3:02
Nick Holden (PIT) for Hooking (Minor) at 12:30
2nd period
2. Oilers , Kevin Hayes 13 (Mark Giordano 52, John Tavares 36) at 0:07
3. Penguins , Nikita Kucherov 22 (Sami Vatanen 26, Zack Smith 8) at 7:09 (PP)
4. Penguins , Nick Holden 4 (Sami Vatanen 27, Zack Smith 9) at 9:23 (PP)
5. Oilers , Ryan Pulock 13 (Logan Couture 34, John Tavares 37) at 19:27 (PP)
Brady Tkachuk (PIT) for High sticking (Minor) at 1:46
Tyler Motte (EDM) for Hooking (Minor) at 6:59
Tyler Motte (EDM) for Boarding (Minor) at 9:13
Sami Vatanen (PIT) for Hooking (Minor) at 18:46
3rd period
6. Penguins , Sami Vatanen 15 (Nikita Kucherov 40) at 3:13 (PP)
7. Penguins , Frederick Gaudreau 4 (Nick Holden 34) at 14:52 (SH)
8. Oilers , Jordan Eberle 14 (Brian Dumoulin 19, Christian Dvorak 12) at 15:10
Ryan Pulock (EDM) for Roughing (Minor) at 2:20
Zack Smith (PIT) for Fighting (Major) at 3:24
Casey Cizikas (EDM) for Fighting (Major) at 3:24
Casey Cizikas (EDM) for instigated a fight (Game Misconduct) at 3:24
Alexander Romanov (PIT) for Hooking (Minor) at 12:53
Overtime #1
9. Penguins , Nikita Kucherov 23 (Sami Vatanen 28, Par Lindholm 2) at 1:14
No Penalty
Goalie Stats
Connor Hellebuyck (EDM), 28 saves from 33 shots - (0,848), OTL, 30-16-7, 61:15 minutes
Anton Khudobin (PIT), 27 saves from 31 shots - (0,871), W, 13-11-1, 61:15 minutes
3 StarsOfficial
1 - Sami Vatanen (PIT)
2 - Nikita Kucherov (PIT)
3 - John Tavares (EDM)
Referees : Steve Kozari and Frederick L'Ecuyer
Linesman : Brad Kovachik and Scott Driscoll
Game Note
Casey Cizikas beats up Zack Smith at 3:24 of 3rd period
Casey Cizikas (EDM) for instigated a fight (Game Misconduct) at 3:24
Casey Cizikas ejected from game at 3:24 of 3rd period



Team Name Goals Shots Shots Attemp Shots Blocked PIM HIT PP PK FO%
Oilers 43162823152 / 5 (40%)347%
Penguins 53360515223 / 4 (75%)253%

Oilers
Player Name POS G A P +/- PIM HIT SHT SB MP PP MP PP SHT PK MP PK SHT FO% FOT
Alex IafalloC/LW000-1012220:053:1911:3100% 0
Brian DumoulinD0111030217:000:3401:5900% 0
Casey CizikasC0000170205:330:0000:33036% 11
Christian DvorakC/LW0111001012:560:0000:00069% 16
Devin ShoreC/LW000000008:060:0000:0600% 1
Joe PavelskiC/RW000-2022018:543:1900:00055% 20
John TavaresC0331021020:273:3900:00046% 28
Jordan EberleRW1011001212:560:0000:0000% 2
Justin FaulkD011-2020122:213:0901:4900% 0
Keith YandleD0001022021:353:1510:0000% 0
Kevin HayesC/RW1010012018:463:3911:08040% 5
Logan CoutureC/LW1121009019:443:3941:31043% 7
Mark GiordanoD0110001123:473:0901:2300% 0
Mike ReillyD0001000014:270:0000:0000% 0
Robby FabbriC/LW/RW000001208:000:0000:0000% 1
Ryan PulockD1010204022:043:4921:1300% 0
Tomas TatarLW/RW000-1011019:193:1900:0000% 2
Tyler MotteC/LW/RW0001401014:290:0001:3500% 0
Penguins
Player Name POS G A P +/- PIM HIT SHT SB MP PP MP PP SHT PK MP PK SHT FO% FOT
Alexander RomanovD000-1210021:301:3902:1300% 0
Arthur KaliyevRW000001206:490:0000:00050% 2
Ben GleasonD000-1001119:340:0002:0400% 0
Brady TkachukLW000-1245017:481:3810:0000% 2
Brett ConnollyRW000-1012014:150:0002:1000% 0
Colton SissonsC/LW/RW000-1001019:521:3402:07048% 27
Craig SmithRW0000201015:250:0000:0000% 0
Filip ZadinaRW0000001017:001:3400:0000% 1
Frederick GaudreauC/RW1011002011:201:3412:57171% 7
Jacob MiddletonD0000010213:140:0000:0000% 0
Luke KuninC/RW0000021015:260:0000:00048% 21
Nick HoldenD1120251123:231:3312:4500% 0
Nick RitchieLW000-1042012:050:0000:0000% 0
Nikita KucherovRW2130008017:421:3820:0000% 0
Par LindholmC/LW0111001013:251:0804:13064% 11
Sami VatanenD1341214124:351:3342:4200% 0
Ty SmithD0000011018:561:3914:1200% 0
Zack SmithC/LW0220510014:220:3002:29059% 22

Oilers

5 vs 5 Forward
Line #Left WingCenterRight WingPHYDFOFWanted %Time %Time Play
1Alex IafalloJoe PavelskiTomas Tatar0413231%15:15
2Logan CoutureJohn TavaresKevin Hayes0323027%13:39
3Tyler MotteChristian DvorakJordan Eberle0412326%12:56
4Devin ShoreCasey CizikasRobby Fabbri1311516%8:00
5 vs 5 Defense
Line #DefenseDefensePHYDFOFWanted %Time %Time Play
1Justin FaulkRyan Pulock0413834%17:03
2Keith YandleMark Giordano0323837%18:20
3Brian DumoulinMike Reilly0412429%14:27
4Keith YandleMark Giordano13100%0:00
Power Play Forward
Line #Left WingCenterRight WingPHYDFOFWanted %Time %Time Play
1Logan CoutureJohn TavaresKevin Hayes0325052%3:39
2Alex IafalloJoe PavelskiTomas Tatar0415048%3:19
Power Play Defense
Line #DefenseDefensePHYDFOFWanted %Time %Time Play
1Keith YandleRyan Pulock0325055%3:49
2Justin FaulkMark Giordano0415045%3:09
Penalty Kill 4 Players Forward
Line #CenterWingPHYDFOFWanted %Time %Time Play
1Casey CizikasTyler Motte1225053%1:41
2Logan CoutureAlex Iafallo0325047%1:31
Penalty Kill 4 Players Defense
Line #DefenseDefensePHYDFOFWanted %Time %Time Play
1Mark GiordanoBrian Dumoulin1225043%1:23
2Ryan PulockJustin Faulk0325057%1:49
Penalty Kill 3 Players
Line #WingPHYDFOFWanted %Time %Time PlayDefenseDefensePHYDFOFWanted %Time %Time Play
1Casey Cizikas122500%0:00 Mark GiordanoBrian Dumoulin122500%0:00
2Logan Couture122500%0:00 Justin FaulkRyan Pulock122500%0:00
4 vs 4 Forward
Line #CenterWingPHYDFOFWanted %Time %Time Play
1John TavaresLogan Couture122500%0:00
2Joe PavelskiKevin Hayes122500%0:00
4 vs 4 Defense
Line #DefensePHYDFOFWanted %Time %Time Play
1Mark GiordanoJustin Faulk122500%0:00
2Ryan PulockBrian Dumoulin122500%0:00
Last Minutes Offensive
Left WingCenterRight WingDefenseDefense
Logan CoutureJohn TavaresTomas TatarMark GiordanoJustin Faulk
Last Minutes Defensive
Left WingCenterRight WingDefenseDefense
Logan CoutureCasey CizikasTyler MotteMark GiordanoBrian Dumoulin
Time
Total ForwardTotal DefenseLast Minutes OffensiveLast Minutes Defensive
60:00 60:00 0:000:00
Extra Forwards
Normal PowerPlayPenalty Kill
John Tavares, Tomas Tatar, Tyler MotteKevin Hayes, Tomas TatarTyler Motte
Extra Defensemen
Normal PowerPlayPenalty Kill
Mark Giordano, Ryan Pulock, Brian DumoulinMark Giordano, Ryan PulockBrian Dumoulin
Penalty Shots
Tomas Tatar, John Tavares, Jordan Eberle, Logan Couture, Robby Fabbri
Goalie
Connor Hellebuyck, Craig Anderson
Custom OT Lines Forwards
Logan Couture, John Tavares, Kevin Hayes, Joe Pavelski, Christian Dvorak, Alex Iafallo, Tomas Tatar, Tyler Motte, Robby Fabbri, Jordan Eberle
Custom OT Lines Defensemen
Mark Giordano, Justin Faulk, Ryan Pulock, Brian Dumoulin, Mike Reilly
Scratches
Vinnie Hinostroza (Healthy), Kevin Labanc (Healthy), Anton Stralman (Healthy)

Penguins

5 vs 5 Forward
Line #Left WingCenterRight WingPHYDFOFWanted %Time %Time Play
1Brady TkachukColton SissonsNikita Kucherov0233231%15:30
2Craig SmithLuke KuninFilip Zadina0143131%15:26
3Nick RitchieZack SmithBrett Connolly0412524%12:05
4Par LindholmFrederick GaudreauArthur Kaliyev0411214%6:49
5 vs 5 Defense
Line #DefenseDefensePHYDFOFWanted %Time %Time Play
1Nick HoldenSami Vatanen0413938%19:06
2Alexander RomanovBen Gleason0323635%17:39
3Jacob MiddletonTy Smith0412526%13:05
4Nick HoldenSami Vatanen12200%0:00
Power Play Forward
Line #Left WingCenterRight WingPHYDFOFWanted %Time %Time Play
1Brady TkachukZack SmithNikita Kucherov0055051%1:38
2Frederick GaudreauColton SissonsFilip Zadina0055049%1:34
Power Play Defense
Line #DefenseDefensePHYDFOFWanted %Time %Time Play
1Nick HoldenSami Vatanen0055048%1:33
2Alexander RomanovTy Smith0055052%1:39
Penalty Kill 4 Players Forward
Line #CenterWingPHYDFOFWanted %Time %Time Play
1Zack SmithFrederick Gaudreau0505042%2:57
2Par LindholmBrett Connolly0505058%4:01
Penalty Kill 4 Players Defense
Line #DefenseDefensePHYDFOFWanted %Time %Time Play
1Sami VatanenNick Holden1405044%3:06
2Alexander RomanovTy Smith1405056%3:52
Penalty Kill 3 Players
Line #WingPHYDFOFWanted %Time %Time PlayDefenseDefensePHYDFOFWanted %Time %Time Play
1Zack Smith050500%0:00 Sami VatanenNick Holden050500%0:00
2Par Lindholm050500%0:00 Alexander RomanovBen Gleason050500%0:00
4 vs 4 Forward
Line #CenterWingPHYDFOFWanted %Time %Time Play
1Zack SmithNikita Kucherov023500%0:00
2Colton SissonsBrady Tkachuk023500%0:00
4 vs 4 Defense
Line #DefensePHYDFOFWanted %Time %Time Play
1Nick HoldenSami Vatanen032500%0:00
2Jacob MiddletonAlexander Romanov032500%0:00
Last Minutes Offensive
Left WingCenterRight WingDefenseDefense
Brady TkachukLuke KuninNikita KucherovNick HoldenSami Vatanen
Last Minutes Defensive
Left WingCenterRight WingDefenseDefense
Zack SmithColton SissonsFrederick GaudreauNick HoldenSami Vatanen
Time
Total ForwardTotal DefenseLast Minutes OffensiveLast Minutes Defensive
60:00 60:00 0:000:00
Extra Forwards
Normal PowerPlayPenalty Kill
Nikita Kucherov, Colton Sissons, Brady TkachukBrady Tkachuk, Nikita KucherovColton Sissons
Extra Defensemen
Normal PowerPlayPenalty Kill
Sami Vatanen, Alexander Romanov, Nick HoldenSami Vatanen, Alexander RomanovNick Holden
Penalty Shots
Nikita Kucherov, Colton Sissons, Brady Tkachuk, Filip Zadina, Arthur Kaliyev
Goalie
Anton Khudobin, Ben Bishop
Custom OT Lines Forwards
Par Lindholm, Nikita Kucherov, Brady Tkachuk, Filip Zadina, Arthur Kaliyev, Luke Kunin, Brett Connolly, Colton Sissons, Nick Ritchie, Frederick Gaudreau
Custom OT Lines Defensemen
Sami Vatanen, Alexander Romanov, Nick Holden, Jacob Middleton, Ty Smith
Scratches
Niklas Hjalmarsson (Right Foot Injury), Greg McKegg (Healthy), Sebastian Aho (Left Ankle Injury), Dominic Toninato (Healthy), Ilya Sorokin (Healthy)


Play-by-Play

1st period


0:01 of 1st period - Colton Sissons wins face-off versus Joe Pavelski in neutral zone.
0:20 of 1st period - Shot by Tomas Tatar.
0:20 of 1st period - Shot Misses the Net.
0:22 of 1st period - Shot by Joe Pavelski.
0:22 of 1st period - Stopped by Anton Khudobin without a rebound.
0:23 of 1st period - Kevin Hayes wins face-off versus Luke Kunin in Penguins zone.
0:29 of 1st period - Icing by Luke Kunin.
0:30 of 1st period - Christian Dvorak wins face-off versus Luke Kunin in Penguins zone.
0:33 of 1st period - Shot by Tyler Motte.
0:33 of 1st period - Deflect By Christian Dvorak.
0:33 of 1st period - Shot Misses the Net.
0:47 of 1st period - Shot by Luke Kunin.
0:47 of 1st period - Stopped by Connor Hellebuyck without a rebound.
0:48 of 1st period - Zack Smith wins face-off versus John Tavares in Oilers zone.
0:49 of 1st period - Shot by Nick Ritchie.
0:49 of 1st period - Shot Misses the Net.
1:02 of 1st period - Icing by Logan Couture.
1:03 of 1st period - Par Lindholm wins face-off versus John Tavares in Oilers zone.
1:13 of 1st period - Icing by John Tavares.
1:14 of 1st period - Zack Smith wins face-off versus John Tavares in Oilers zone.
1:15 of 1st period - Shot by Brett Connolly.
1:15 of 1st period - Shot Misses the Net.
1:57 of 1st period - Off-side.
1:58 of 1st period - Colton Sissons wins face-off versus Casey Cizikas in neutral zone.
1:58 of 1st period - Colton Sissons is hit by Robby Fabbri.
2:05 of 1st period - Nikita Kucherov is hit by Justin Faulk and loses puck.
3:02 of 1st period - Minor Penalty to Craig Smith for Cross-checking.
3:03 of 1st period - Zack Smith wins face-off versus John Tavares in Penguins zone.
3:03 of 1st period - Zack Smith is hit by Kevin Hayes.
3:18 of 1st period - Keith Yandle is hit by Nick Holden and loses puck.
3:29 of 1st period - Shot by Keith Yandle.
3:29 of 1st period - Stopped by Anton Khudobin without a rebound.
3:30 of 1st period - Par Lindholm wins face-off versus Tomas Tatar in Penguins zone.
4:15 of 1st period - Ty Smith is hit by Joe Pavelski and loses puck.
4:50 of 1st period - Shot by Ryan Pulock.
4:50 of 1st period - Shot Misses the Net.
5:53 of 1st period - Icing by Alexander Romanov.
5:54 of 1st period - John Tavares wins face-off versus Colton Sissons in Penguins zone.
6:12 of 1st period - Shot by Kevin Hayes.
6:12 of 1st period - Deflect By John Tavares.
6:12 of 1st period - Shot Misses the Net.
7:50 of 1st period - Icing by Ty Smith.
7:51 of 1st period - Christian Dvorak wins face-off versus Luke Kunin in Penguins zone.
8:03 of 1st period - Off-side.
8:04 of 1st period - Frederick Gaudreau wins face-off versus John Tavares in neutral zone.
8:11 of 1st period - Arthur Kaliyev is hit by John Tavares and loses puck.
8:18 of 1st period - Shot by Logan Couture.
8:18 of 1st period - Stopped by Anton Khudobin with a rebound.
8:20 of 1st period - Shot by Mark Giordano.
8:20 of 1st period - Stopped by Anton Khudobin without a rebound.
8:21 of 1st period - Christian Dvorak wins face-off versus Luke Kunin in Penguins zone.
8:38 of 1st period - Shot by Tyler Motte.
8:38 of 1st period - Stopped by Anton Khudobin without a rebound.
8:39 of 1st period - Casey Cizikas wins face-off versus Frederick Gaudreau in Penguins zone.
8:42 of 1st period - Shot by Mark Giordano.
8:42 of 1st period - Deflect By Robby Fabbri.
8:42 of 1st period - Stopped by Anton Khudobin without a rebound.
8:43 of 1st period - Luke Kunin wins face-off versus Joe Pavelski in Penguins zone.
8:47 of 1st period - Sami Vatanen is hit by Justin Faulk and loses puck.
8:54 of 1st period - Shot by Filip Zadina.
8:54 of 1st period - Shot Misses the Net.
9:05 of 1st period - Off-side.
9:06 of 1st period - Frederick Gaudreau wins face-off versus Casey Cizikas in neutral zone.
9:08 of 1st period - Par Lindholm is hit by Keith Yandle and loses puck.
9:27 of 1st period - Shot by Robby Fabbri.
9:27 of 1st period - Deflect By Casey Cizikas.
9:27 of 1st period - Stopped by Anton Khudobin without a rebound.
9:28 of 1st period - Joe Pavelski wins face-off versus Zack Smith in Penguins zone.
9:47 of 1st period - Shot by Nick Ritchie.
9:47 of 1st period - Stopped by Connor Hellebuyck without a rebound.
9:48 of 1st period - Colton Sissons wins face-off versus John Tavares in Oilers zone.
10:15 of 1st period - Shot by Logan Couture.
10:15 of 1st period - Stopped by Anton Khudobin without a rebound.
10:16 of 1st period - Luke Kunin wins face-off versus Joe Pavelski in Penguins zone.
11:42 of 1st period - Shot by Tyler Motte.
11:42 of 1st period - Shot Misses the Net.
11:44 of 1st period - Shot by Mark Giordano.
11:44 of 1st period - Shot Misses the Net.
11:46 of 1st period - Shot by Christian Dvorak.
11:46 of 1st period - Shot Misses the Net.
11:54 of 1st period - Jordan Eberle is hit by Nick Ritchie and loses puck.
12:02 of 1st period - Keith Yandle is hit by Zack Smith and loses puck.
12:27 of 1st period - Shot by Logan Couture.
12:27 of 1st period - Stopped by Anton Khudobin without a rebound.
12:28 of 1st period - Casey Cizikas wins face-off versus Brady Tkachuk in Penguins zone.
12:30 of 1st period - Minor Penalty to Nick Holden for Hooking.
12:31 of 1st period - John Tavares wins face-off versus Par Lindholm in Penguins zone.
12:42 of 1st period - Shot by Logan Couture.
12:42 of 1st period - Stopped by Anton Khudobin with a rebound.
12:44 of 1st period - Shot by Logan Couture.
12:44 of 1st period - Shot Misses the Net.
12:46 of 1st period - Shot by Justin Faulk.
12:46 of 1st period - Shot Blocked by Sami Vatanen.
12:48 of 1st period - Shot by Logan Couture.
12:48 of 1st period - Stopped by Anton Khudobin with a rebound.
12:50 of 1st period - Shot by Logan Couture.
12:50 of 1st period - Goal by Logan Couture - Oilers : 1 - Penguins : 0.
12:51 of 1st period - Luke Kunin wins face-off versus Joe Pavelski in neutral zone.
13:12 of 1st period - Nick Holden is hit by Alex Iafallo and loses puck.
14:00 of 1st period - Nikita Kucherov is hit by Brian Dumoulin and loses puck.
14:10 of 1st period - Mike Reilly is hit by Ty Smith and loses puck.
14:46 of 1st period - Shot by Ben Gleason.
14:46 of 1st period - Stopped by Connor Hellebuyck without a rebound.
14:47 of 1st period - Zack Smith wins face-off versus Kevin Hayes in Oilers zone.
14:54 of 1st period - Shot by Nick Ritchie.
14:54 of 1st period - Shot Blocked by Justin Faulk.
15:18 of 1st period - Shot by Logan Couture.
15:18 of 1st period - Stopped by Anton Khudobin without a rebound.
15:19 of 1st period - Luke Kunin wins face-off versus Casey Cizikas in Penguins zone.
15:34 of 1st period - Shot by Robby Fabbri.
15:34 of 1st period - Shot Blocked by Ben Gleason.
15:36 of 1st period - Shot by Devin Shore.
15:36 of 1st period - Shot Misses the Net.
15:38 of 1st period - Shot by Keith Yandle.
15:38 of 1st period - Stopped by Anton Khudobin without a rebound.
15:39 of 1st period - Christian Dvorak wins face-off versus Colton Sissons in Penguins zone.
15:54 of 1st period - Shot by Colton Sissons.
15:54 of 1st period - Shot Misses the Net.
15:56 of 1st period - Shot by Nikita Kucherov.
15:56 of 1st period - Stopped by Connor Hellebuyck without a rebound.
15:57 of 1st period - Luke Kunin wins face-off versus John Tavares in Oilers zone.
16:10 of 1st period - Shot by Luke Kunin.
16:10 of 1st period - Shot Blocked by Mark Giordano.
16:12 of 1st period - Shot by Luke Kunin.
16:12 of 1st period - Shot Misses the Net.
16:18 of 1st period - Shot by Luke Kunin.
16:18 of 1st period - Shot Misses the Net.
16:30 of 1st period - Shot by Logan Couture.
16:30 of 1st period - Stopped by Anton Khudobin with a rebound.
17:27 of 1st period - Icing by Ty Smith.
17:28 of 1st period - Christian Dvorak wins face-off versus Colton Sissons in Penguins zone.
18:09 of 1st period - Shot by Arthur Kaliyev.
18:09 of 1st period - Stopped by Connor Hellebuyck without a rebound.
18:10 of 1st period - Luke Kunin wins face-off versus Casey Cizikas in Oilers zone.
19:24 of 1st period - Icing by Justin Faulk.
19:25 of 1st period - Joe Pavelski wins face-off versus Colton Sissons in Oilers zone.
19:44 of 1st period - Shot by Joe Pavelski.
19:44 of 1st period - Shot Misses the Net.
19:46 of 1st period - Shot by Alex Iafallo.
19:46 of 1st period - Shot Misses the Net.
19:50 of 1st period - Shot by Alex Iafallo.
19:50 of 1st period - Shot Misses the Net.
Goals for this period are 1 for Oilers vs 0 for Penguins.
Shots for this period are 15 for Oilers vs 5 for Penguins.

2nd period


0:01 of 2nd period - John Tavares wins face-off versus Zack Smith in neutral zone.
0:01 of 2nd period - John Tavares is hit by Nick Ritchie.
0:07 of 2nd period - Shot by Kevin Hayes.
0:07 of 2nd period - Goal by Kevin Hayes - Oilers : 2 - Penguins : 0.
0:08 of 2nd period - Zack Smith wins face-off versus Christian Dvorak in neutral zone.
0:37 of 2nd period - Shot by Keith Yandle.
0:37 of 2nd period - Shot Blocked by Nick Holden.
1:46 of 2nd period - Minor Penalty to Brady Tkachuk for High sticking.
1:47 of 2nd period - Colton Sissons wins face-off versus Joe Pavelski in Penguins zone.
4:25 of 2nd period - Off-side.
4:26 of 2nd period - Christian Dvorak wins face-off versus Zack Smith in neutral zone.
4:28 of 2nd period - Jordan Eberle is hit by Nick Ritchie.
4:29 of 2nd period - Off-side.
4:30 of 2nd period - John Tavares wins face-off versus Luke Kunin in neutral zone.
5:43 of 2nd period - Alex Iafallo is hit by Nick Holden and loses puck.
6:59 of 2nd period - Minor Penalty to Tyler Motte for Hooking.
7:00 of 2nd period - Zack Smith wins face-off versus Logan Couture in Oilers zone.
7:01 of 2nd period - Shot by Nikita Kucherov.
7:01 of 2nd period - Shot Misses the Net.
7:03 of 2nd period - Shot by Sami Vatanen.
7:03 of 2nd period - Stopped by Connor Hellebuyck without a rebound.
7:04 of 2nd period - Zack Smith wins face-off versus Casey Cizikas in Oilers zone.
7:09 of 2nd period - Shot by Nikita Kucherov.
7:09 of 2nd period - Goal by Nikita Kucherov - Oilers : 2 - Penguins : 1.
7:10 of 2nd period - John Tavares wins face-off versus Colton Sissons in neutral zone.
7:39 of 2nd period - Shot by Brady Tkachuk.
7:39 of 2nd period - Shot Misses the Net.
7:46 of 2nd period - Shot by Nikita Kucherov.
7:46 of 2nd period - Shot Misses the Net.
7:48 of 2nd period - Shot by Ben Gleason.
7:48 of 2nd period - Shot Misses the Net.
8:03 of 2nd period - Icing by Nick Holden.
8:04 of 2nd period - Joe Pavelski wins face-off versus Luke Kunin in Penguins zone.
8:08 of 2nd period - Tomas Tatar is hit by Nick Holden and loses puck.
8:22 of 2nd period - Shot by Craig Smith.
8:22 of 2nd period - Shot Misses the Net.
8:24 of 2nd period - Shot by Nick Holden.
8:24 of 2nd period - Shot Blocked by Alex Iafallo.
8:31 of 2nd period - Off-side.
8:32 of 2nd period - Frederick Gaudreau wins face-off versus Christian Dvorak in neutral zone.
8:39 of 2nd period - Shot by Arthur Kaliyev.
8:39 of 2nd period - Shot Misses the Net.
8:41 of 2nd period - Shot by Par Lindholm.
8:41 of 2nd period - Shot Blocked by Jordan Eberle.
9:13 of 2nd period - Minor Penalty to Tyler Motte for Boarding.
9:14 of 2nd period - Zack Smith wins face-off versus Logan Couture in Oilers zone.
9:17 of 2nd period - Shot by Nikita Kucherov.
9:17 of 2nd period - Stopped by Connor Hellebuyck without a rebound.
9:18 of 2nd period - Zack Smith wins face-off versus Logan Couture in Oilers zone.
9:21 of 2nd period - Shot by Sami Vatanen.
9:21 of 2nd period - Shot Blocked by Alex Iafallo.
9:23 of 2nd period - Shot by Nick Holden.
9:23 of 2nd period - Goal by Nick Holden - Oilers : 2 - Penguins : 2.
9:24 of 2nd period - Joe Pavelski wins face-off versus Colton Sissons in neutral zone.
9:55 of 2nd period - Shot by Nikita Kucherov.
9:55 of 2nd period - Stopped by Connor Hellebuyck without a rebound.
9:56 of 2nd period - Zack Smith wins face-off versus John Tavares in Oilers zone.
10:26 of 2nd period - Icing by Logan Couture.
10:27 of 2nd period - John Tavares wins face-off versus Colton Sissons in Oilers zone.
10:35 of 2nd period - Icing by Mark Giordano.
10:36 of 2nd period - Colton Sissons wins face-off versus John Tavares in Oilers zone.
10:36 of 2nd period - Colton Sissons is hit by Keith Yandle.
10:46 of 2nd period - Shot by Nikita Kucherov.
10:46 of 2nd period - Shot Misses the Net.
10:56 of 2nd period - Shot by John Tavares.
10:56 of 2nd period - Shot Misses the Net.
11:12 of 2nd period - Joe Pavelski is hit by Brady Tkachuk and loses puck.
11:23 of 2nd period - Shot by Ryan Pulock.
11:23 of 2nd period - Stopped by Anton Khudobin without a rebound.
11:24 of 2nd period - Luke Kunin wins face-off versus Robby Fabbri in Penguins zone.
11:41 of 2nd period - Casey Cizikas is hit by Sami Vatanen.
12:25 of 2nd period - Shot by Joe Pavelski.
12:25 of 2nd period - Shot Misses the Net.
12:43 of 2nd period - Shot by Tomas Tatar.
12:43 of 2nd period - Stopped by Anton Khudobin without a rebound.
12:44 of 2nd period - Christian Dvorak wins face-off versus Colton Sissons in Penguins zone.
13:19 of 2nd period - Shot by Brady Tkachuk.
13:19 of 2nd period - Stopped by Connor Hellebuyck without a rebound.
13:20 of 2nd period - Joe Pavelski wins face-off versus Luke Kunin in Oilers zone.
13:20 of 2nd period - Joe Pavelski is hit by Luke Kunin.
13:58 of 2nd period - Icing by Justin Faulk.
13:59 of 2nd period - Colton Sissons wins face-off versus Joe Pavelski in Oilers zone.
15:45 of 2nd period - Icing by Alexander Romanov.
15:46 of 2nd period - Christian Dvorak wins face-off versus Zack Smith in Penguins zone.
15:47 of 2nd period - Shot by Tyler Motte.
15:47 of 2nd period - Deflect By Jordan Eberle.
15:47 of 2nd period - Shot Misses the Net.
16:06 of 2nd period - Icing by Brian Dumoulin.
16:07 of 2nd period - Luke Kunin wins face-off versus Christian Dvorak in Oilers zone.
16:52 of 2nd period - Icing by Filip Zadina.
16:53 of 2nd period - Joe Pavelski wins face-off versus Luke Kunin in Penguins zone.
17:28 of 2nd period - Shot by Colton Sissons.
17:28 of 2nd period - Stopped by Connor Hellebuyck without a rebound.
17:29 of 2nd period - Frederick Gaudreau wins face-off versus Casey Cizikas in Oilers zone.
17:48 of 2nd period - Shot by Robby Fabbri.
17:48 of 2nd period - Deflect By Casey Cizikas.
17:48 of 2nd period - Shot Misses the Net.
18:00 of 2nd period - Shot by Casey Cizikas.
18:00 of 2nd period - Stopped by Anton Khudobin without a rebound.
18:01 of 2nd period - John Tavares wins face-off versus Colton Sissons in Penguins zone.
18:12 of 2nd period - Shot by Logan Couture.
18:12 of 2nd period - Shot Misses the Net.
18:14 of 2nd period - Shot by Ryan Pulock.
18:14 of 2nd period - Stopped by Anton Khudobin without a rebound.
18:15 of 2nd period - Joe Pavelski wins face-off versus Luke Kunin in Penguins zone.
18:43 of 2nd period - Joe Pavelski is hit by Nick Holden.
18:46 of 2nd period - Minor Penalty to Sami Vatanen for Hooking.
18:47 of 2nd period - Zack Smith wins face-off versus John Tavares in Penguins zone.
18:47 of 2nd period - Frederick Gaudreau is hit by John Tavares.
19:15 of 2nd period - Shot by Ryan Pulock.
19:15 of 2nd period - Shot Misses the Net.
19:17 of 2nd period - Shot by Ryan Pulock.
19:17 of 2nd period - Shot Misses the Net.
19:19 of 2nd period - Shot by Logan Couture.
19:19 of 2nd period - Stopped by Anton Khudobin with a rebound.
19:25 of 2nd period - Shot by Logan Couture.
19:25 of 2nd period - Shot Misses the Net.
19:27 of 2nd period - Shot by Ryan Pulock.
19:27 of 2nd period - Goal by Ryan Pulock - Oilers : 3 - Penguins : 2.
19:28 of 2nd period - Joe Pavelski wins face-off versus Colton Sissons in neutral zone.
19:31 of 2nd period - Shot by Alex Iafallo.
19:31 of 2nd period - Stopped by Anton Khudobin with a rebound.
19:53 of 2nd period - Shot by Nikita Kucherov.
19:53 of 2nd period - Stopped by Connor Hellebuyck without a rebound.
19:54 of 2nd period - Casey Cizikas wins face-off versus Zack Smith in Oilers zone.
Goals for this period are 2 for Oilers vs 2 for Penguins.
Shots for this period are 8 for Oilers vs 8 for Penguins.

3rd period


0:01 of 3rd period - Logan Couture wins face-off versus Brady Tkachuk in neutral zone.
0:25 of 3rd period - Shot by Brady Tkachuk.
0:25 of 3rd period - Shot Misses the Net.
0:27 of 3rd period - Shot by Brady Tkachuk.
0:27 of 3rd period - Stopped by Connor Hellebuyck without a rebound.
0:28 of 3rd period - Christian Dvorak wins face-off versus Frederick Gaudreau in Oilers zone.
0:28 of 3rd period - Christian Dvorak is hit by Nick Holden.
1:19 of 3rd period - Icing by Keith Yandle.
1:20 of 3rd period - Colton Sissons wins face-off versus Jordan Eberle in Oilers zone.
1:35 of 3rd period - Icing by Ben Gleason.
1:36 of 3rd period - John Tavares wins face-off versus Colton Sissons in Penguins zone.
2:01 of 3rd period - Icing by Kevin Hayes.
2:02 of 3rd period - Luke Kunin wins face-off versus John Tavares in Oilers zone.
2:16 of 3rd period - Icing by Ryan Pulock.
2:17 of 3rd period - Zack Smith wins face-off versus John Tavares in Oilers zone.
2:20 of 3rd period - Shot by Brett Connolly.
2:20 of 3rd period - Stopped by Connor Hellebuyck without a rebound.
2:20 of 3rd period - Minor Penalty to Ryan Pulock for Roughing.
2:21 of 3rd period - Colton Sissons wins face-off versus Casey Cizikas in Oilers zone.
2:22 of 3rd period - Shot by Ty Smith.
2:22 of 3rd period - Stopped by Connor Hellebuyck with a rebound.
3:01 of 3rd period - Shot by Frederick Gaudreau.
3:01 of 3rd period - Shot Blocked by Brian Dumoulin.
3:03 of 3rd period - Shot by Frederick Gaudreau.
3:03 of 3rd period - Stopped by Connor Hellebuyck without a rebound.
3:04 of 3rd period - Casey Cizikas wins face-off versus Zack Smith in Oilers zone.
3:13 of 3rd period - Shot by Sami Vatanen.
3:13 of 3rd period - Goal by Sami Vatanen - Oilers : 3 - Penguins : 3.
3:14 of 3rd period - Zack Smith wins face-off versus Devin Shore in neutral zone.
3:19 of 3rd period - Shot by Nick Ritchie.
3:19 of 3rd period - Shot Misses the Net.
3:24 of 3rd period - Casey Cizikas beats up Zack Smith.
3:24 of 3rd period - Penalty to Zack Smith for Fighting.
3:24 of 3rd period - Penalty to Casey Cizikas for Fighting.
3:24 of 3rd period - Penalty to Casey Cizikas for instigated a fight.
3:24 of 3rd period - Casey Cizikas is ejected from game.
3:25 of 3rd period - Kevin Hayes wins face-off versus Par Lindholm in Penguins zone.
3:48 of 3rd period - Shot by Sami Vatanen.
3:48 of 3rd period - Stopped by Connor Hellebuyck without a rebound.
3:49 of 3rd period - Logan Couture wins face-off versus Colton Sissons in Oilers zone.
4:18 of 3rd period - Shot by Ty Smith.
4:18 of 3rd period - Shot Misses the Net.
4:50 of 3rd period - Sami Vatanen is hit by Brian Dumoulin.
5:12 of 3rd period - Shot by Brady Tkachuk.
5:12 of 3rd period - Stopped by Connor Hellebuyck without a rebound.
5:13 of 3rd period - Par Lindholm wins face-off versus Kevin Hayes in Oilers zone.
5:18 of 3rd period - Shot by Sami Vatanen.
5:18 of 3rd period - Stopped by Connor Hellebuyck without a rebound.
5:19 of 3rd period - Par Lindholm wins face-off versus Logan Couture in Oilers zone.
6:11 of 3rd period - Keith Yandle is hit by Alexander Romanov and loses puck.
6:35 of 3rd period - Shot by Filip Zadina.
6:35 of 3rd period - Stopped by Connor Hellebuyck without a rebound.
6:36 of 3rd period - Arthur Kaliyev wins face-off versus Joe Pavelski in Oilers zone.
7:35 of 3rd period - Shot by Tyler Motte.
7:35 of 3rd period - Shot Misses the Net.
7:37 of 3rd period - Shot by Christian Dvorak.
7:37 of 3rd period - Stopped by Anton Khudobin without a rebound.
7:38 of 3rd period - Colton Sissons wins face-off versus Christian Dvorak in Penguins zone.
9:03 of 3rd period - Luke Kunin is hit by Brian Dumoulin and loses puck.
9:32 of 3rd period - Shot by Nick Ritchie.
9:32 of 3rd period - Shot Blocked by Brian Dumoulin.
9:40 of 3rd period - Shot by Nick Ritchie.
9:40 of 3rd period - Shot Misses the Net.
9:42 of 3rd period - Shot by Nick Ritchie.
9:42 of 3rd period - Stopped by Connor Hellebuyck without a rebound.
9:43 of 3rd period - Frederick Gaudreau wins face-off versus Kevin Hayes in Oilers zone.
10:19 of 3rd period - Ryan Pulock is hit by Arthur Kaliyev and loses puck.
10:47 of 3rd period - Nick Holden is hit by Tomas Tatar and loses puck.
10:58 of 3rd period - Shot by Nikita Kucherov.
10:58 of 3rd period - Stopped by Connor Hellebuyck without a rebound.
10:59 of 3rd period - Luke Kunin wins face-off versus Tomas Tatar in Oilers zone.
11:00 of 3rd period - Shot by Craig Smith.
11:00 of 3rd period - Stopped by Connor Hellebuyck without a rebound.
11:01 of 3rd period - John Tavares wins face-off versus Colton Sissons in Oilers zone.
11:01 of 3rd period - John Tavares is hit by Brady Tkachuk.
11:39 of 3rd period - Shot by Nikita Kucherov.
11:39 of 3rd period - Stopped by Connor Hellebuyck without a rebound.
11:40 of 3rd period - Joe Pavelski wins face-off versus Luke Kunin in Oilers zone.
11:58 of 3rd period - Shot by Joe Pavelski.
11:58 of 3rd period - Shot Misses the Net.
12:00 of 3rd period - Shot by Joe Pavelski.
12:00 of 3rd period - Stopped by Anton Khudobin with a rebound.
12:02 of 3rd period - Shot by Ryan Pulock.
12:02 of 3rd period - Shot Blocked by Jacob Middleton.
12:42 of 3rd period - Shot by Devin Shore.
12:42 of 3rd period - Shot Misses the Net.
12:48 of 3rd period - Shot by Robby Fabbri.
12:48 of 3rd period - Stopped by Anton Khudobin without a rebound.
12:49 of 3rd period - Colton Sissons wins face-off versus Jordan Eberle in Penguins zone.
12:53 of 3rd period - Minor Penalty to Alexander Romanov for Hooking.
12:54 of 3rd period - Logan Couture wins face-off versus Zack Smith in Penguins zone.
14:10 of 3rd period - Shot by Mark Giordano.
14:10 of 3rd period - Shot Misses the Net.
14:18 of 3rd period - Shot by Alex Iafallo.
14:18 of 3rd period - Stopped by Anton Khudobin without a rebound.
14:19 of 3rd period - John Tavares wins face-off versus Par Lindholm in Penguins zone.
14:30 of 3rd period - Shot by Kevin Hayes.
14:30 of 3rd period - Shot Misses the Net.
14:32 of 3rd period - Shot by Keith Yandle.
14:32 of 3rd period - Shot Misses the Net.
14:34 of 3rd period - Shot by Kevin Hayes.
14:34 of 3rd period - Stopped by Anton Khudobin with a rebound.
14:36 of 3rd period - Shot by Ryan Pulock.
14:36 of 3rd period - Stopped by Anton Khudobin without a rebound.
14:37 of 3rd period - Joe Pavelski wins face-off versus Zack Smith in Penguins zone.
14:52 of 3rd period - Shot by Frederick Gaudreau.
14:52 of 3rd period - Goal by Frederick Gaudreau - Oilers : 3 - Penguins : 4.
14:53 of 3rd period - Colton Sissons wins face-off versus Christian Dvorak in neutral zone.
15:00 of 3rd period - Shot by Brady Tkachuk.
15:00 of 3rd period - Shot Misses the Net.
15:10 of 3rd period - Shot by Jordan Eberle.
15:10 of 3rd period - Goal by Jordan Eberle - Oilers : 4 - Penguins : 4.
15:11 of 3rd period - John Tavares wins face-off versus Filip Zadina in neutral zone.
15:13 of 3rd period - Off-side.
15:14 of 3rd period - John Tavares wins face-off versus Colton Sissons in neutral zone.
15:16 of 3rd period - Justin Faulk is hit by Brady Tkachuk and loses puck.
15:25 of 3rd period - Shot by Brady Tkachuk.
15:25 of 3rd period - Stopped by Connor Hellebuyck without a rebound.
15:26 of 3rd period - Joe Pavelski wins face-off versus Zack Smith in Oilers zone.
15:28 of 3rd period - Icing by Mark Giordano.
15:29 of 3rd period - Colton Sissons wins face-off versus Joe Pavelski in Oilers zone.
15:55 of 3rd period - Alexander Romanov is hit by Joe Pavelski.
15:59 of 3rd period - Mark Giordano is hit by Brady Tkachuk and loses puck.
17:00 of 3rd period - Shot by Nick Ritchie.
17:00 of 3rd period - Deflect By Brett Connolly.
17:00 of 3rd period - Stopped by Connor Hellebuyck without a rebound.
17:01 of 3rd period - Christian Dvorak wins face-off versus Luke Kunin in Oilers zone.
17:31 of 3rd period - Shot by Tyler Motte.
17:31 of 3rd period - Shot Blocked by Jacob Middleton.
17:38 of 3rd period - Jordan Eberle is hit by Jacob Middleton and loses puck.
17:59 of 3rd period - John Tavares is hit by Luke Kunin and loses puck.
18:51 of 3rd period - Mark Giordano is hit by Brett Connolly and loses puck.
18:59 of 3rd period - Tomas Tatar is hit by Nick Ritchie and loses puck.
19:34 of 3rd period - Shot by Nikita Kucherov.
19:34 of 3rd period - Shot Blocked by Jordan Eberle.
19:36 of 3rd period - Shot by Brady Tkachuk.
19:36 of 3rd period - Stopped by Connor Hellebuyck without a rebound.
19:37 of 3rd period - Christian Dvorak wins face-off versus Arthur Kaliyev in Oilers zone.
19:50 of 3rd period - Shot by Arthur Kaliyev.
19:50 of 3rd period - Stopped by Connor Hellebuyck with a rebound.
19:52 of 3rd period - Shot by Ben Gleason.
19:52 of 3rd period - Deflect By Par Lindholm.
19:52 of 3rd period - Stopped by Connor Hellebuyck without a rebound.
19:53 of 3rd period - Colton Sissons wins face-off versus John Tavares in Oilers zone.
Goals for this period are 1 for Oilers vs 2 for Penguins.
Shots for this period are 7 for Oilers vs 19 for Penguins.

Overtime #1


0:01 of 1st overtime period - Par Lindholm wins face-off versus John Tavares in neutral zone.
0:06 of 1st overtime period - Shot by Par Lindholm.
0:06 of 1st overtime period - Shot Misses the Net.
0:19 of 1st overtime period - Icing by Sami Vatanen.
0:20 of 1st overtime period - Par Lindholm wins face-off versus John Tavares in Penguins zone.
0:40 of 1st overtime period - Shot by John Tavares.
0:40 of 1st overtime period - Stopped by Anton Khudobin without a rebound.
0:41 of 1st overtime period - John Tavares wins face-off versus Par Lindholm in Penguins zone.
0:54 of 1st overtime period - Icing by Sami Vatanen.
0:55 of 1st overtime period - Par Lindholm wins face-off versus Joe Pavelski in Penguins zone.
1:14 of 1st overtime period - Shot by Nikita Kucherov.
1:14 of 1st overtime period - Goal by Nikita Kucherov - Oilers : 4 - Penguins : 5.
Goals for this period are 0 for Oilers vs 1 for Penguins.
Shots for this period are 1 for Oilers vs 1 for Penguins.